[Event "Indian Rapid Championship 2023-24"]
[Site "Nashik"]
[Date "2024.03.06"]
[Round "9.1"]
[White "Ghosh, Diptayan"]
[Black "Raja Rithvik R"]
[Result "1-0"]
[ECO "A08"]
[WhiteElo "2559"]
[BlackElo "2532"]
[Annotator "TA"]
[PlyCount "101"]
[EventDate "2024.03.02"]
[EventType "swiss"]
[EventCountry "IND"]
[SourceTitle "playchess.com"]
[Source "ChessBase"]
[SourceQuality "1"]
[TimeControl "900+10"]

1. Nf3 d5 2. g3 Nf6 3. Bg2 c5 4. O-O g6 5. c4 Bg7 6. Qa4+ Nc6 7. Ne5 Qd6 8. cxd5 {[%emt 0:00:50] The position is equal.} Nxd5 9. Nc4 Qd8 10. Nc3 e6 11. Ne3 Nde7 12. Ne4 $36 {[%emt 0:02:14][%mdl 2048] White is pushing.} Qd4 13. Nc4 {[%emt 0:00:38] [#] Black must now prevent Ned6+.} O-O 14. d3 Rb8 {[%emt 0:02:08] Hoping for ...b5.} 15. Ned6 Qf6 ({Black should try} 15... Bd7) 16. Be3 $16 {[%emt 0:00:42] White is much more active. The black rooks are passive.} Nd4 $2 {[%emt 0:03:05] [#]} (16... Nd5 $16) 17. Bxd4 (17. Qxa7 Nxe2+ 18. Kh1 Bd7 19. Bxc5 (19. Qxc5 Nd5 $11) 19... Nd5 $18) 17... Qxd4 18. Qxa7 Bd7 19. Nxb7 {[%emt 0:00:02][%cal Ob7d6] A dynamic duo of knights.} Nc6 20. Qa6 (20. Qxc5 Rxb7 21. Qxd4 Bxd4 $17) 20... Nb4 21. Qd6 Qxd6 22. Nbxd6 Nc2 23. Rac1 Nd4 (23... Nb4 $16 24. a3 Nd5) 24. Rfe1 $18 Rfd8 25. Ne4 Bb5 26. b3 Ra8 (26... Bf8 {was necessary.} 27. Na5 Rdc8) 27. Nc3 (27. Nxc5 Rxa2 28. Bf1 Rb8 $14) 27... Ra7 28. e3 Bxc4 29. dxc4 (29. bxc4 $6 Nf5 30. Ne4 Rxd3 $16) 29... Nf5 30. Na4 Rd2 31. a3 (31. Red1 Rxa2 32. Nxc5 Bb2 $18) (31. Nxc5 $18 {a4 would now be deadly.} Raxa2 32. Ne4) 31... Bb2 $16 32. Rcd1 Rxd1 33. Rxd1 Bxa3 34. Be4 Kf8 35. Bxf5 gxf5 {[%emt 0:00:18][%mdl 4096] Endgame. KRB-KRN} 36. Rd8+ Kg7 37. Rb8 Rd7 38. Rb5 Rd3 (38... Rd1+ $16 39. Kg2 Rb1) 39. Kf1 ({Don't take} 39. Nxc5 $6 Bxc5 40. Rxc5 Rxb3 $16) (39. Kg2 $18 {has better winning chances.}) 39... Bb4 $2 (39... Rd1+ $16 40. Kg2 Rb1) 40. Ke2 Rd2+ 41. Kf3 Rd3 (41... Rc2 $142 42. Nxc5 Bc3) 42. h3 h5 (42... e5 $142 43. g4 (43. Nxc5 Bxc5 44. Rxc5 Rxb3 $16) 43... e4+ 44. Kf4 Rd2 45. gxf5 (45. Kxf5 Rxf2+ 46. Kxe4 Rh2 $18) 45... Rxf2+ 46. Kxe4 Rh2 47. Nxc5 Bd2) 43. g4 (43. Nxc5 $142 Bxc5 44. Ke2 (44. Rxc5 Rxb3 45. h4 Kg6 $14) 44... Bxe3 45. Kxd3 Bxf2 46. c5) 43... hxg4+ (43... fxg4+ {keeps fighting.} 44. hxg4 h4) 44. hxg4 $18 fxg4+ 45. Kxg4 f5+ 46. Kg5 Rd2 (46... Rd1 $142 47. Rb7+ (47. Nxc5 Bxc5 48. Rxc5 Rg1+ 49. Kh4 Rh1+ 50. Kg3 Rg1+ 51. Kf3 Rb1 $18) 47... Kg8) 47. Nxc5 Bxc5 48. Rxc5 Rxf2 49. Rc7+ Kg8 50. b4 Rf3 51. b5 {[%emt 0:00:01] Weighted Error Value: White=0.29 (precise) /Black=0.58.  Loses game:     	---       	Black=2      Mistake:       	White=3     	Black=8      Inaccurate:     	White=2     	Black=2      OK:         	White=14    	Black=12     Best:        	White=3     	Black=4} 1-0

[Event "Indian Rapid Championship 2023-24"]
[Site "Nashik"]
[Date "2024.03.06"]
[Round "9.2"]
[White "Sengupta, Deep"]
[Black "Wagh Suyog"]
[Result "0-1"]
[ECO "A13"]
[WhiteElo "2500"]
[BlackElo "2250"]
[Annotator "TA"]
[PlyCount "110"]
[EventDate "2024.03.02"]
[EventType "swiss"]
[EventCountry "IND"]
[SourceTitle "playchess.com"]
[Source "ChessBase"]
[SourceQuality "1"]
[TimeControl "900+10"]

1. Nf3 Nf6 2. c4 e6 3. b3 d5 4. Bb2 b6 5. cxd5 exd5 6. g3 {[%emt 0:00:01] A13: English Opening: 1...e6.} Bb7 7. Bg2 Bd6 8. O-O O-O 9. Nc3 a6 10. e3 Nbd7 11. Ne2 Re8 12. Qc2 Rc8 13. Rac1 c5 14. d3 $146 ({Predecessor:} 14. Qb1 b5 15. Nf4 b4 16. Rfd1 Qb6 17. Qf5 d4 18. Nh5 Be4 19. Nxf6+ Nxf6 20. Qh3 {1-0 Philippe,G (2334)-Bilych,O (2433) Marseille op 16th 2023 (9)}) 14... Qe7 15. Rfe1 b5 16. Qb1 b4 17. Qa1 a5 18. Nh4 g6 19. Nf3 Ng4 (19... a4 $5 20. Qb1 a3 $15) 20. Nf4 a4 21. Qb1 a3 22. Ba1 Nb6 23. Qc2 Ba8 24. Qd2 Bb7 25. h3 Nf6 26. Nh2 Rcd8 27. h4 h6 ({Better is} 27... Ba8 $11) 28. Qd1 (28. Bxf6 $1 $14 Qxf6 29. Ng4) 28... Kh7 (28... h5 $11) 29. Qf3 (29. Ng4 $14 Ng8 30. Qf3) 29... h5 $11 30. d4 (30. Qd1 $11 {keeps the balance.}) 30... Ne4 $2 (30... c4 $17 {keeps the pressure on. Hoping for ...c3.} 31. bxc4 Nxc4) 31. dxc5 $18 Bxc5 32. Nd3 $2 (32. Nxh5 $18 Nd7 33. Rxc5 Ndxc5 34. Ng4) 32... Bd6 $11 33. Qd1 Nd7 34. Nf3 Rc8 35. Bd4 (35. Rxc8 $11 Rxc8 36. Nf4) 35... Rxc1 36. Qxc1 Rc8 37. Qa1 Nc3 (37... Ndc5 {simplifies} 38. Nxc5 Bxc5 39. Rc1 Bxd4 40. Nxd4 Nc3) 38. Kh2 Nf6 39. Ng5+ Kg8 40. f3 (40. Nh3 $17) 40... Nh7 $19 41. Nxh7 $2 (41. f4) 41... Kxh7 $2 (41... Qxh4+ $19 42. Kg1 Bxg3 (42... Qxg3 43. Nf6+ Kf8 44. Nf4 $17) 43. Nf6+ Kf8) 42. Nf4 (42. f4 $17 {was necessary.}) 42... Be5 (42... Nxa2 43. Bf6 Qc7 44. Qxa2 $16) 43. Bh3 Re8 44. Nd3 (44. Ne6 {was the only chance.}) 44... Bd6 $2 (44... Bg7 $19 {has better winning chances. Strongly threatening ...Ba6.} 45. Bf1 Ba6 46. Bxg7 Kxg7 47. Nxb4 Qxb4 48. Bxa6 Kg8) 45. Kg2 {[%emt 0:00:02] [#]} (45. f4 $17) 45... Ba6 ({Black should try} 45... Qc7 $1 $19 46. Nf4 Be5 47. Bxe5 Qxe5) 46. Bxc3 $17 Bxd3 ({Black should play} 46... bxc3 $17 47. Qxc3 f5) 47. Bf6 $11 Qa7 (47... Qc7 {simplifies} 48. Qc1 Bxg3 49. Qxc7 Bxc7 50. Bd7 Rg8) 48. Kf2 $2 (48. Qc1 $1 $11 {and White stays safe.}) 48... Qc7 $19 49. f4 $2 (49. Rc1 Bc5 (49... Bxg3+ 50. Kg2 $17) 50. Bg5) 49... Qc2+ $19 50. Kg1 Bc5 51. Bd4 Bxd4 52. Qxd4 Qd2 53. Rf1 Qxe3+ 54. Qxe3 Rxe3 55. Bg2 Bxf1 0-1

[Event "Indian Rapid Championship 2023-24"]
[Site "Nashik"]
[Date "2024.03.06"]
[Round "9.3"]
[White "Prraneeth Vuppala"]
[Black "Aronyak Ghosh"]
[Result "0-1"]
[ECO "B12"]
[WhiteElo "2506"]
[BlackElo "2517"]
[Annotator "TA"]
[PlyCount "68"]
[EventDate "2024.03.02"]
[EventType "swiss"]
[EventCountry "IND"]
[SourceTitle "playchess.com"]
[Source "ChessBase"]
[SourceQuality "1"]
[TimeControl "900+10"]

1. e4 c6 2. d4 d5 3. e5 Bf5 4. h4 h5 5. Bd3 Bxd3 6. Qxd3 {[%emt 0:00:02] B12: Caro-Kann: Advance Variation.} Qa5+ 7. b4 Qa6 (7... Qxb4+ $15 8. Nd2 e6) 8. Qb3 $11 e6 9. Nd2 Nd7 10. Ngf3 Ne7 11. a4 Nf5 12. Ba3 $146 ({Predecessor:} 12. Bb2 Qb6 13. b5 Be7 14. c4 O-O 15. cxd5 cxd5 16. a5 Qd8 17. g3 a6 18. b6 {½-½ Baidetsky,V (2464)-Polak,T (2506) Vienna 2023 (5)}) 12... Qb6 13. c3 Be7 14. g3 a5 15. bxa5 Rxa5 16. Bxe7 Nxe7 17. Qa3 Qc7 18. O-O b5 19. Nb3 (19. Qd6 $11 Qa7 20. Rfb1) 19... Rxa4 $17 20. Qd6 Qc8 21. Rxa4 bxa4 22. Na5 {[%emt 0:00:11] [#]} Nf5 (22... c5 $1 $17 {...Nf5 would now be deadly.} 23. Ra1 Nf5) 23. Qb4 $11 c5 24. dxc5 (24. Qxa4 $11 {remains equal.} O-O 25. Rb1) 24... Qxc5 $17 (24... Nxc5 $6 25. Nc6 Na6 (25... Qxc6 26. Qb8+ Ke7 27. Qxh8 $16) 26. Qxa4 $11) 25. Qxa4 O-O (25... Nxg3 $2 26. Nb7 Ne2+ 27. Kh2 $18 (27. Kg2 Qc7 $18)) 26. Qb4 (26. Qxd7 $17 Qxc3 (26... Qxa5 27. Nd4 $17) 27. Ng5 (27. g4 $2 hxg4 28. Nh2 Qxa5 $19) 27... Qxa5 28. Rc1) 26... Qc7 27. Re1 $2 (27. c4) 27... Rb8 $19 28. Qa3 Ra8 29. Ra1 Nxe5 30. Nxe5 Qxe5 31. Qb4 Rc8 32. Rc1 Nxg3 33. Qb7 Rb8 (33... Ne2+ $142 34. Kf1 Rb8 (34... Rxc3 $2 35. Rxc3 Nxc3 36. Qa6 $19) 35. Qxb8+ Qxb8 36. Kxe2 Qb5+ 37. c4 Qxa5 38. cxd5 Qa6+ (38... Qxd5 $2 39. Rg1 $19) (38... exd5 $2 39. Rd1 $19) 39. Kd2 exd5 40. Rc2 Qf6 41. Ke2 Qxh4 42. Kd2 Qxf2+ 43. Kc3 Qxc2+ 44. Kxc2 h4 45. Kd3 h3 46. Kd4 h2 47. Kxd5 g5 (47... h1=R {is a self mate.} 48. Ke4 Rf1 49. Ke3 g5 50. Ke2 Rf6 51. Ke3 g4 52. Kd4 g3 53. Ke5 Re6+ 54. Kd4 g2 55. Kc5 g1=Q+ 56. Kc4 Qe3 57. Kb4 Qd4+ 58. Kb3 Rb6+ 59. Kc2 Rb2+ 60. Kc1 Qd2#) (47... h1=Q+ {gets mated.} 48. Kd4 g5 49. Ke5 Qc6 50. Kd4 g4 51. Kd3 g3 52. Ke3 g2 53. Kf2 Qe4 54. Kg1 Qg4 55. Kh2 g1=Q#) 48. Ke4 h1=Q+ (48... h1=R 49. Kf5 Rg1 50. Kf6 Rf1+ 51. Kxg5 Kg7 52. Kg4 Kf6 53. Kg3 Kg5 54. Kg2 Rf6 55. Kg3 Rf5 56. Kh2 Kf4 57. Kh3 Kf3 58. Kh2 Rh5+ 59. Kg1 Rh4 60. Kf1 Rh1#) 49. Ke3 g4 50. Kf4 Qe1 (50... Qf3+ 51. Ke5 g3 52. Kd6 g2 53. Kd7 g1=Q 54. Kc7 Qc5+ 55. Kd7 Qg4+ 56. Ke8 Qf8#) 51. Kxg4 Qf2 (51... Qg1+ {leads to mate.} 52. Kf3 Qd1+ 53. Kg3 Qf1 54. Kh2 Kg7 55. Kg3 Qe2 56. Kh3 Kf6 57. Kg3 Kg5 58. Kh3 Kf4 59. Kh4 Qh2#) 52. Kh3 Kg7 53. Kg4 f5+ 54. Kh3 Qg1 55. Kh4 Qg4#) 34. Qa7 Ne2+ 0-1

[Event "Indian Rapid Championship 2023-24"]
[Site "Nashik"]
[Date "2024.03.06"]
[Round "9.4"]
[White "Sammed Jaykumar, Shete"]
[Black "Hari Madhavan N B"]
[Result "1-0"]
[ECO "B45"]
[WhiteElo "2404"]
[BlackElo "2395"]
[Annotator "TA"]
[PlyCount "75"]
[EventDate "2024.03.02"]
[EventType "swiss"]
[EventCountry "IND"]
[SourceTitle "playchess.com"]
[Source "ChessBase"]
[SourceQuality "1"]
[TimeControl "900+10"]

1. e4 c5 2. Nf3 e6 3. d4 cxd4 4. Nxd4 Nc6 5. Nc3 Nf6 6. Nxc6 bxc6 7. Bd3 e5 8. O-O Be7 9. f4 d6 10. h3 O-O 11. Kh1 exf4 12. Bxf4 {[%emt 0:00:18] The position is equal.} Nd7 13. Bc4 Nb6 14. Bb3 Be6 15. Bxe6 fxe6 16. Qg4 Qd7 17. e5 d5 18. Ne2 Bc5 {[%emt 0:03:09] Against Nd4} 19. b3 Rf7 20. Bh2 $40 {[%emt 0:00:16][%mdl 128] White has some attack.} Raf8 21. Rxf7 Qxf7 22. Nf4 Re8 23. Nd3 Be3 24. Re1 d4 25. Bg1 Nd5 26. c4 h5 27. Qg3 Nf4 (27... Ne7 $11 {and Black is okay.}) 28. Rxe3 $18 dxe3 29. Nxf4 Qf5 30. Qxe3 Rd8 31. Ne2 {[%emt 0:00:17][%cal Oe2d4] Against c5. Strongly threatening Nd4!} Rd1 (31... Rd3 $142 32. Qf4 (32. Qxa7 Qf1 $11) 32... Rd1 33. Qxf5 exf5) 32. Nd4 (32. Qxa7 Qxe5 33. Nd4 Rxg1+ 34. Kxg1 Qe1+ 35. Kh2 Qe5+ 36. g3 h4 $16) 32... Qf1 {[%emt 0:00:34] [#] ...Re1 would now be deadly.} 33. Nxe6 c5 34. Ng5 {[%emt 0:00:27][%cal Oe5e6] Black must now prevent e6!} ({Less strong is} 34. Nxc5 Re1 35. Qd4 Rd1 $11) 34... g6 35. Nf3 {[%emt 0:00:18][%cal Oe5e6] aiming for e6!} Ra1 36. Qd2 {[%emt 0:00:49] [#] White threatens Qd8+ and mate.} a6 37. e6 Qd1 38. Qf4 {[%emt 0:00:18] Weighted Error Value: White=0.10 (very precise) /Black=0.70.  Loses game:     	---       	Black=1      Mistake:       	---       	Black=1      Inaccurate:     	White=1     	Black=3      OK:         	White=11    	Black=10     Best:        	White=1     	Black=1} 1-0

[Event "Indian Rapid Championship 2023-24"]
[Site "Nashik"]
[Date "2024.03.06"]
[Round "9.5"]
[White "Kushagra Mohan"]
[Black "Srihari L R"]
[Result "0-1"]
[ECO "C11"]
[WhiteElo "2351"]
[BlackElo "2490"]
[Annotator "TA"]
[PlyCount "62"]
[EventDate "2024.03.02"]
[EventType "swiss"]
[EventCountry "IND"]
[SourceTitle "playchess.com"]
[Source "ChessBase"]
[SourceQuality "1"]
[TimeControl "900+10"]

1. e4 e6 2. d4 d5 3. Nc3 Nf6 4. e5 Nfd7 5. f4 c5 6. Nf3 Nc6 7. Be3 a6 8. a3 cxd4 9. Nxd4 Bc5 10. Qd2 Nxd4 11. Bxd4 Bxd4 12. Qxd4 Qb6 13. O-O-O Qxd4 14. Rxd4 Nb8 {[%emt 0:00:03] The position is equal.} 15. Na4 Nc6 16. Rd2 b5 17. Nc5 h5 18. h4 g6 19. Rh3 Ke7 20. a4 Bd7 21. Kb1 Rhb8 22. Ra3 {[%emt 0:01:50] aiming for Nxd7.} Na5 23. b3 {[%emt 0:03:45] Prevents Nc4} Be8 24. Kb2 bxa4 {[%emt 0:01:31] Strongly threatening ...Bb5.} 25. Nxa4 Bb5 $1 26. Bxb5 {[%emt 0:00:46][%mdl 8192] This move loses the game for White.} ({White should play} 26. Bd3 $15) 26... axb5 $19 27. Nc5 {[%emt 0:00:06] [#]} Nc4+ $1 28. bxc4 bxc4+ 29. Rb3 (29. Ka2 c3 30. Nb3 Rxa3+ (30... cxd2 $2 31. Nxd2 f6 32. c4 $19) 31. Kxa3 Rxb3+ (31... cxd2 $2 32. Nxd2 f6 33. exf6+ Kxf6 34. c4 $19) 32. Ka4 cxd2 33. Kxb3 d1=Q (33... d1=B $2 34. Kc3 $19) 34. Kc3 d4+ 35. Kc4 Qd2 (35... Qxc2+ {gets mated.} 36. Kxd4 Qxg2 37. Kd3 Qf3+ 38. Kd2 Kd7 39. f5 gxf5 40. Kc2 Kc6 41. Kd2 Kd5 42. Kc2 Kc4 43. Kb2 Qf2+ 44. Ka3 Qd2 45. Ka4 Qb4#) 36. Kc5 Qc3+ (36... Qxf4 {is a self mate.} 37. Kc4 Qd2 38. g3 Qc3+ 39. Kb5 Qxc2 40. Kb4 d3 41. Ka3 d2 42. Kb4 Qb2+ 43. Kc4 d1=Q 44. Kc5 Qd5#) 37. Kb6 Qxc2 38. g3 d3 39. Kb5 d2 40. Ka6 d1=Q (40... d1=B 41. Kb5 Be2+ 42. Kb4 Qb2+ 43. Ka4 Bc4 44. f5 Qb5+ 45. Ka3 Qb3#) 41. f5 Qa4+ (41... Qxf5 42. Ka5 Qd5+ 43. Ka6 Qb1 44. Ka7 Qdb7#) 42. Kb6 Qd8+ 43. Kc5 Qdd4#) 29... cxb3 {[%emt 0:00:01] Black is clearly winning.} 30. cxb3 Rb5 31. Nd3 Rab8 {[%emt 0:00:09] Weighted Error Value: White=0.40/Black=0.02 (flawless) .  Loses game:     	White=1     	---        Inaccurate:     	White=1     	Black=1      OK:         	White=4     	Black=13     Best:        	White=1     	---        Strong:       	---       	Black=1      Brilliant:      	---       	Black=1} 0-1

[Event "Indian Rapid Championship 2023-24"]
[Site "Nashik"]
[Date "2024.03.06"]
[Round "9.6"]
[White "Aakash Sharadchandra, Dalvi"]
[Black "Sriram, Jha"]
[Result "0-1"]
[ECO "D48"]
[WhiteElo "2291"]
[BlackElo "2312"]
[Annotator "TA"]
[PlyCount "48"]
[EventDate "2024.03.02"]
[EventType "swiss"]
[EventCountry "IND"]
[SourceTitle "playchess.com"]
[Source "ChessBase"]
[SourceQuality "1"]
[TimeControl "900+10"]

1. d4 d5 2. c4 c6 3. Nf3 Nf6 4. Nc3 a6 5. e3 e6 6. Bd3 dxc4 7. Bxc4 b5 8. Bd3 c5 9. O-O Bb7 10. Qe2 Nbd7 11. Rd1 Qc7 12. a4 (12. e4 $11 {keeps the balance.}) 12... c4 $1 $17 13. Bb1 b4 14. Na2 {[%emt 0:00:03] Black is better.} Qc6 {[%emt 0:04:56] Black is more active.} 15. a5 {[%emt 0:02:10] [#]} Rc8 ({Better is} 15... Qa4 $1 $17 16. e4 b3 (16... Qxa5 17. d5 $11)) 16. Bd2 $15 Qb5 (16... Qa4 $1 $15) 17. e4 $11 Qxa5 18. d5 e5 (18... Qb6 $15 19. dxe6 fxe6) 19. Qe1 $2 {[%emt 0:04:14] [#] This costs White the game.} (19. Bc2 $11 Qb5 20. Nxe5) 19... Qa4 $1 $19 20. Nxb4 (20. Bg5 $142) 20... Qxa1 21. Ba2 $2 (21. Bc2 Qa5 (21... Qxb2 22. Rb1 $19) 22. Nc6) 21... Qxb2 {[%emt 0:00:50] Black is clearly winning.} 22. Rb1 Qa3 23. Ra1 c3 24. Bc1 Qxb4 {[%emt 0:00:10] Weighted Error Value: White=1.27/Black=0.20 (precise) .  Loses game:     	White=1     	---        Mistake:       	White=2     	Black=3      Inaccurate:     	White=1     	---        OK:         	White=4     	Black=3      Best:        	---       	Black=2      Strong:       	---       	Black=2} 0-1

[Event "Indian Rapid Championship 2023-24"]
[Site "Nashik"]
[Date "2024.03.06"]
[Round "9.7"]
[White "Das, Arghyadip"]
[Black "Srihari L"]
[Result "1-0"]
[ECO "B34"]
[WhiteElo "2405"]
[BlackElo "2400"]
[Annotator "TA"]
[PlyCount "89"]
[EventDate "2024.03.02"]
[EventType "swiss"]
[EventCountry "IND"]
[SourceTitle "playchess.com"]
[Source "ChessBase"]
[SourceQuality "1"]
[TimeControl "900+10"]

1. e4 c5 2. Nf3 d6 3. d4 cxd4 4. Nxd4 Nf6 5. Nc3 Nc6 6. h3 g6 7. Be3 Bg7 8. Qd2 O-O 9. O-O-O Bd7 10. f4 Rc8 11. Nf3 $2 {[%emt 0:01:01][%mdl 8192] [#]} (11. Kb1 $11 {and White stays safe.}) 11... b5 $2 12. Bd3 $17 {[%emt 0:01:42] [#]} Nb4 ({Black should try} 12... Qa5 $1 $17 13. Kb1 Be6) 13. Kb1 $15 {[%emt 0:00:44] Black is slightly better.} Qa5 14. a3 Nxd3 15. cxd3 Be6 16. Nd4 (16. Nd5 $11 Qd8 17. Nxf6+ Bxf6 18. Rc1) 16... b4 17. Na2 ({White should play} 17. Ncb5 $15) 17... Bxa2+ $19 18. Kxa2 Qa6 (18... Nd5 $1 $19 19. Nb3 (19. exd5 $2 Qxd5+ 20. Nb3 bxa3 $19) 19... Qb5 20. exd5 a5 (20... bxa3 21. Qa5 $11)) 19. Qxb4 $15 Rb8 {[%emt 0:00:00] Wards off Qb5} 20. Qd2 (20. Qc4 {simplifies} Qxc4+ 21. dxc4 Nxe4 22. Rc1) 20... Nd7 21. b4 {[%emt 0:01:05] [#]} Nc5 $1 22. Rb1 $1 $11 Bxd4 (22... Nxd3 $2 23. b5 $18) 23. Bxd4 Nxd3 24. Rb3 Nxf4 25. Qxf4 {[%emt 0:00:39] Qe3 would now be deadly.} e5 26. Qf1 ({Much worse is} 26. b5 Qa4 (26... Rxb5 $2 {too greedy.} 27. Qf1 $18) 27. Qd2 (27. Bxe5 dxe5 28. Qxe5 Rfe8 $17) 27... exd4 $17) 26... Qxf1 27. Rxf1 exd4 $14 {[%emt 0:00:01][%mdl 4096] Endgame. KRR-KRR} 28. Rd3 a5 29. Rxd4 axb4 30. axb4 Rfe8 (30... Rb6 $11 {remains equal.}) 31. Rf6 $1 $16 Rb6 (31... d5 $16) 32. Kb3 Kg7 33. Rfxd6 (33. Rdxd6 Rxd6 34. Rxd6 Rxe4) 33... Rxd6 (33... Rb7 $16 {was worth a try.} 34. R6d5 Rb6) 34. Rxd6 $18 Rxe4 $16 {[%emt 0:00:01] KR-KR} 35. Kc3 {[%emt 0:00:32] aiming for b5.} Kf8 $2 (35... Re3+ 36. Rd3 Re2) 36. Rd2 Re3+ (36... Ke7 $142 37. b5 Ra4) 37. Kc4 $18 Re4+ 38. Kc5 Re5+ 39. Kd6 Rb5 40. Rb2 {[%emt 0:00:05] Kc6 is the strong threat.} Ke8 41. Kc6 Rb8 42. b5 {[%emt 0:00:07][%cal Bb4b5,Bb5b6,Bb6b7][%mdl 32] White mates.} Kd8 43. b6 Rc8+ 44. Kd6 Rb8 45. b7 {[%emt 0:00:03] What a bad dream for Black.   Weighted Error Value: White=0.29 (precise) /Black=0.62.  Loses game:     	---       	Black=1      Missed win:     	---       	Black=1      Mistake:       	White=2     	Black=7      Inaccurate:     	White=2     	Black=2      OK:         	White=6     	Black=10     Best:        	White=3     	Black=4      Strong:       	White=2     	---} 1-0

[Event "Indian Rapid Championship 2023-24"]
[Site "Nashik"]
[Date "2024.03.06"]
[Round "9.8"]
[White "Shahil Dey"]
[Black "Pimpalkhare Vedant"]
[Result "1/2-1/2"]
[ECO "A14"]
[WhiteElo "2332"]
[BlackElo "2254"]
[Annotator "TA"]
[PlyCount "104"]
[EventDate "2024.03.02"]
[EventType "swiss"]
[EventCountry "IND"]
[SourceTitle "playchess.com"]
[Source "ChessBase"]
[SourceQuality "1"]
[TimeControl "900+10"]

1. g3 d5 2. Bg2 e6 3. Nf3 Nf6 4. O-O Be7 5. c4 O-O 6. b3 a5 7. d4 a4 8. Ba3 axb3 9. axb3 {[%emt 0:00:01] White has an edge.} Bxa3 10. Nxa3 Qe7 11. Nc2 Rxa1 12. Qxa1 dxc4 13. bxc4 c5 14. Qa3 Na6 15. e3 Qc7 16. Qb3 Rd8 17. Rb1 Ne4 18. Na3 h6 (18... Qa5 $14) 19. Qc2 ({White should play} 19. Nb5 $16 Qa5 20. Qb2) 19... Nd6 $11 20. Nb5 Qb8 (20... Nxb5 $1 $11 {remains equal.} 21. cxb5 (21. Rxb5 Bd7 $11) 21... cxd4) 21. dxc5 {[%emt 0:00:44] White is more active.} (21. Qb3 $16) 21... Nxc5 {[%emt 0:01:38][%cal Ba6c5,Bc5b7,Bb7d8][%mdl 32] The position is equal.} 22. Rd1 {[%emt 0:01:30] [#] Qd2 is the strong threat.} b6 23. Qd2 Ncb7 {[%emt 0:01:42] White must now prevent ...Nxb5.} 24. Qb4 Nxb5 25. Rxd8+ Nxd8 26. Qxb5 {[%emt 0:00:02] [#] aiming for Qe8+.} Qd6 {[%emt 0:00:34] Threatens to win with ...Qd1+.} 27. Ne5 Kf8 28. Bf3 Nb7 29. Bc6 Qc5 30. Bxb7 Qxb5 31. cxb5 Bxb7 {[%emt 0:00:01][%mdl 4096] Endgame. KB-KN} 32. Nd7+ Ke7 33. Nxb6 Kd6 34. Na4 Bd5 35. Nc3 Bc4 36. h4 Kc5 37. Ne4+ Kd5 $1 38. b6 {[%emt 0:00:01] Strongly threatening b7.} Ba6 (38... Kxe4 $2 {too greedy.} 39. b7 e5 40. b8=Q $18 (40. b8=B Ba6 $11)) 39. f3 f5 ({But not} 39... Kc6 $6 40. g4 $16) 40. Nc3+ Kc6 41. e4 Kxb6 42. exf5 exf5 43. Nd5+ Kc5 44. Ne7 Bd3 45. Kf2 {[%emt 0:00:03] Hoping for Ke3.} Kd6 46. Ng6 Bb1 47. Ke3 Ke6 48. Kf4 Kf6 49. h5 Ba2 50. Ne5 Be6 51. g4 fxg4 52. fxg4 Bf7 {[%emt 0:00:32] Weighted Error Value: White=0.08 (flawless) /Black=0.07 (flawless) .  Mistake:       	White=2     	Black=2      OK:         	White=24    	Black=22     Best:        	---       	Black=3      Strong:       	---       	Black=1} 1/2-1/2